Map: Prion Terraces

Players

masterbonsai

  • Race: Terran Terran

Miszu - Winner!

  • Race: Terran Terran
  • League: Master

VOD

Have the link to the VOD?

Description

Time

  • Played on: Feb. 6, 2016, 3:15 p.m.
  • Length: 8:30
Show
View Real Time Build Order
Export as new Build Order

masterbonsai Terran 

Build Orders: Reaper Expand 

Get SALT Encoding   

  12  0:02  SCV  
  14  0:14  SCV  
  14  0:19  Supply Depot  
  14  0:26  SCV  
  15  0:40  SCV  
  15  0:41  Barracks  
  16  0:46  Refinery  
  16  0:54  SCV  
  17  1:06  SCV  
  18  1:20  SCV  
  19  1:31  Reaper  
  20  1:33  Orbital Command  
  20  1:44  Command Center  
  20  1:59  SCV  
  21  2:04  Supply Depot  
  21  2:05  Marine  
  22  2:12  Factory  
  22  2:13  SCV  
  23  2:21  Refinery  
  23  2:25  Barracks Reactor  
  23  2:26  SCV  
  24  2:38  SCV  
  25  2:50  SCV  
  26  2:56  Starport  
  26  2:57  Orbital Command  
  26  3:01  Marine x2  
  26  3:02  SCV  
  28  3:07  Factory Tech Lab  
  28  3:14  SCV  
  28  3:19  Marine x2  
  31  3:23  SCV  
  31  3:26  SCV  
  31  3:27  Siege Tank  
  36  3:33  Supply Depot  
  36  3:36  SCV  
  36  3:37  Marine  
  36  3:38  Marine, SCV  
  40  3:43  Medivac  
  40  3:48  SCV  
  43  3:52  SCV  
  44  3:56  Marine x2  
  44  3:57  Barracks  
  44  3:59  Barracks  
  44  4:00  SCV  
  47  4:04  SCV  
  47  4:07  Siege Tank  
  51  4:16  Marine x2  
  53  4:18  SCV  
  53  4:23  Supply Depot  
  54  4:24  Refinery  
  54  4:27  Engineering Bay, Refinery  
  54  4:44  Marine x2, Medivac, SCV x2  
  58  4:57  SCV x2  
  60  5:03  Marine x2, Barracks Tech Lab  
  59  5:07  Barracks Tech Lab  
  59  5:09  SCV x2  
  59  5:11  Missile Turret  
  61  5:21  Marine, SCV x2  
  61  5:24  Supply Depot  
  61  5:26  Supply Depot, Stimpack  
  61  5:27  Marine  
  62  5:33  SCV x2  
  61  5:38  Marine  
  61  5:42  Supply Depot  
  62  5:46  Marine x2, Siege Tank, SCV  
  62  5:47  Starport Reactor  
  68  5:52  Terran Infantry Weapons Level 1  
  68  5:57  Marine  
  68  5:58  Marine  
  68  6:01  SCV  
  68  6:03  SCV  
  72  6:05  Marine  
  72  6:13  Marine, SCV  
  72  6:15  Marine  
  72  6:16  SCV  
  76  6:20  Siege Tank  
  76  6:24  Marine  
  76  6:25  SCV  
  81  6:28  SCV  
  81  6:29  Marine  
  83  6:37  SCV  
  84  6:40  SCV  
  85  6:49  SCV  
  85  6:59  Marine x4  
  85  7:00  Siege Tank  
  84  7:01  Medivac  
  86  7:13  Supply Depot x2  
  86  7:26  Supply Depot  
  86  7:34  Marine x3, Command Center  
  86  7:35  Marine, Medivac, SCV x2  
  94  7:47  SCV x2  
  94  7:49  Siege Tank  
  98  7:52  Marine x2  
  100  8:05  Barracks Reactor  
  100  8:06  Factory, Barracks Reactor  
  100  8:10  Marine, Barracks  
  100  8:11  Barracks  
Show
View Real Time Build Order
Export as new Build Order

Miszu Terran - Winner!

Build Orders: MMM Bio 

Get SALT Encoding   

  12  0:00  SCV  
  13  0:12  SCV  
  14  0:17  Supply Depot  
  14  0:24  SCV  
  15  0:38  SCV  
  15  0:41  Barracks  
  16  0:44  Refinery  
  16  0:50  SCV  
  17  1:03  SCV  
  18  1:15  SCV  
  19  1:28  Barracks Reactor, Orbital Command  
  19  1:42  Command Center  
  19  1:49  Supply Depot  
  19  1:53  SCV  
  20  2:04  Marine x2  
  20  2:06  SCV  
  23  2:12  Factory  
  23  2:18  SCV  
  23  2:22  Marine x2  
  26  2:29  Refinery  
  26  2:30  SCV  
  26  2:42  SCV  
  27  2:46  Marine x2  
  29  2:54  SCV  
  29  2:58  Starport  
  30  2:59  Factory Tech Lab  
  30  3:06  Marine  
  30  3:08  SCV  
  30  3:09  Orbital Command  
  32  3:18  Widow Mine  
  34  3:20  Marine, SCV  
  34  3:24  Marine  
  37  3:32  SCV  
  38  3:37  Medivac  
  38  3:38  Marine, SCV  
  42  3:44  SCV  
  42  3:47  Cyclone  
  46  3:51  Supply Depot  
  46  4:10  Supply Depot  
  46  4:12  Viking, SCV x2  
  46  4:16  Supply Depot  
  50  4:24  Siege Tank, SCV  
  50  4:31  Marine x2, SCV  
  54  4:37  SCV  
  58  4:40  Barracks x2  
  58  4:43  SCV  
  59  4:52  Marine x2, SCV  
  59  4:54  Starport Reactor  
  59  4:55  SCV  
  61  5:04  SCV  
  61  5:08  SCV  
  61  5:10  Refinery x2, Marine x2  
  64  5:14  Barracks  
  64  5:15  Barracks  
  64  5:16  SCV  
  63  5:23  SCV  
  63  5:26  Engineering Bay  
  63  5:28  Marine x2  
  66  5:43  Barracks Tech Lab x2  
  66  5:44  Medivac, Siege Tank, SCV  
  70  5:54  Terran Infantry Weapons Level 1  
  70  6:03  Supply Depot  
  70  6:04  Barracks Reactor  
  70  6:05  Supply Depot x2  
  70  6:11  Barracks Reactor  
  70  6:13  Stimpack  
  70  6:19  Combat Shields  
  70  6:23  SCV  
  70  6:24  Marine x4, Medivac, SCV  
  77  6:35  Supply Depot  
  77  6:36  Supply Depot, SCV x2  
  77  6:39  Marine x2  
  76  6:42  Marine x3  
  75  6:57  Marine  
  75  6:59  Marine  
  75  7:00  Marine x5, Siege Tank  
  83  7:06  Marine  
  83  7:07  Supply Depot, Medivac x2  
  88  7:14  Marine  
  89  7:17  Marine x3  
  89  7:19  Marine  
  93  7:26  Marine  
  94  7:32  Siege Tank  
  97  7:39  Marine x2  
  97  7:40  Marine x5  
  104  7:44  Marine  
  105  7:55  Medivac x2  
  105  7:57  Marine x3  
  105  7:58  Marine x4  
  114  8:02  Marine  
  117  8:06  Command Center  
  117  8:11  Supply Depot  
Tags
 
Composition
MMM Bio
League
Master
Matchup
TvT
Race
Terran
Add a new tag
Caveats
  • Supply blocks, unpowered buildings, or Contaminate may cause inaccurate times.
  • Supply counts are checked every 10 seconds.